 Dungeon Crawl Stone Soup version 0.29.1-15-g9cfb28693d (webtiles) character file.

Game seed: 17878355367387046210

175 Ast3rio the Chopper (level 5, 0/47 HPs)
             Began as a Minotaur Berserker on Mar 15, 2023.
             Was a Believer of Trog.
             Slain by a scorpion (4 damage)
             ... on level 4 of the Dungeon.
             The game lasted 00:05:02 (3042 turns).

Ast3rio the Chopper (Minotaur Berserker)            Turns: 3042, Time: 00:05:03

Health: 0/47       AC:  9    Str: 24    XL:     5   Next: 29%
Magic:  4/4        EV:  6    Int:  4    God:    Trog [**....]
Gold:   167        SH:  0    Dex:  9    Spells: 4/4 levels left

rFire   . . .      SeeInvis .   v - +4 dagger (speed)
rCold   . . .      Faith    .   (no shield)
rNeg    . . .      Spirit   .   k - +0 chain mail
rPois   .          Reflect  .   (helmet restricted)
rElec   .          Harm     .   (no cloak)
rCorr   .          Rampage  .   (no gloves)
Will    .....                   (no boots)
Stlth   ..........              (no amulet)
HPRegen 0.15/turn               (no ring)
MPRegen 0.09/turn               (no ring)

@: grasped by roots, on berserk cooldown, slowed, constricted, very slow
A: horns 2, retaliatory headbutt
a: Renounce Religion, Berserk, Trog's Hand


You were on level 4 of the Dungeon.
You worshipped Trog.
Trog was pleased with you.
You visited 2 branches of the dungeon, and saw 5 of its levels.

You collected 167 gold pieces.

Inventory:

Hand Weapons
 a - a +0 hand axe
 v - a +4 dagger of speed (weapon)
Armour
 b - a +0 animal skin
 k - a +0 chain mail (worn)
Jewellery
 f - an amulet of the acrobat
 p - a +4 ring of protection
Scrolls
 d - 2 scrolls of identify {unknown}
 e - 3 scrolls of blinking {unknown}
 i - a scroll of torment {unknown}
 j - a scroll of enchant weapon {unknown}
 m - 2 scrolls of fear {unknown}
 n - a scroll of vulnerability {unknown}
 q - a scroll of summoning {unknown}
 r - a scroll of butterflies {unknown}
 t - a scroll of magic mapping {unknown}
 u - a scroll of teleportation {unknown}
Potions
 c - a potion of resistance {unknown}
 g - 2 potions of heal wounds {unknown}
 h - 2 potions of brilliance {unknown}
 l - a potion of degeneration {unknown}
 o - a potion of might {unknown}
 s - a potion of curing {unknown}


   Skills:
 + Level 4.8 Fighting
 + Level 5.1 Axes
 + Level 4.0 Armour
 + Level 2.8 Dodging
 + Level 0.6 Stealth


You had 4 spell levels left.
You didn't know any spells.
Your spell library was empty.

Dungeon Overview and Level Annotations

Branches:
Dungeon (4/15)             Temple (1/1) D:4

Altars:
Ashenzari
Cheibriados
Dithmenos
Elyvilon
Fedhas
Gozag
Hepliaklqana
Kikubaaqudgha
Nemelex Xobeh
Qazlal
Trog
Uskayaw
Vehumet
Wu Jian
Xom
Yredelemnul
Zin
The Shining One

Annotations:
D:4 Eustachio


Innate Abilities, Weirdness & Mutations

You have a pair of horns on your head.
You reflexively headbutt those who attack you in melee.


Message History

The necrophage is lightly damaged.
Eustachio growls, "To hell with you, honourless miscreant!"
The necrophage closely misses you. The scorpion stings you.
* * * LOW HITPOINT WARNING * * *
You hit the necrophage but do no damage.
You headbutt the necrophage.
The necrophage is lightly damaged.
The goblin unwields a +2 vorpal sling.
The goblin wields a +0 dagger.
The goblin hits you but does no damage.
The scorpion stings you but does no damage.
The necrophage closely misses you.
Eustachio zaps a wand.
The roots erupt in riotous growth!
The grasping roots grab you!
The goblin is unaffected.
The scorpion is unaffected.
The necrophage is unaffected.
The grasping roots constrict you.
* * * LOW HITPOINT WARNING * * *
You barely miss the necrophage.
The necrophage is lightly damaged.
The goblin hits you with a +0 dagger.
* * * LOW HITPOINT WARNING * * *
The scorpion closely misses you. The necrophage barely misses you.
The grasping roots constrict you.
* * * LOW HITPOINT WARNING * * *
You escape the roots grasp.
The goblin attacks as you move away! The goblin hits you but does no damage.
The scorpion barely misses you.
The scorpion stings you but does no damage.
The goblin barely misses you. You furiously retaliate!
You headbutt the goblin, but do no damage.
Eustachio casts a spell.
Eustachio zaps a wand.
The roots erupt in riotous growth!
The grasping roots grab you!
The iron imp is unaffected.
The necrophage is unaffected.
Eustachio is unaffected.
The scorpion is unaffected.
The goblin is unaffected.
The grasping roots constrict you.
* * * LOW HITPOINT WARNING * * *
The scorpion stings you but does no damage.
You hit Eustachio but do no damage. You headbutt Eustachio.
Eustachio is heavily wounded.
The goblin hits you but does no damage. The scorpion stings you.
You die...

#.................#...........##
......................##.......##
##....####.####.................#
...... ..... #.................<
...... .......#..................
....#.#.......#......>...#...>...
.#.# ..... ......#..............
#... .#5@)#.....##....... ....
..#.@.......####..[.. ... .
#nsg.##### #......
.####.####....# #......
..............# #......
#..†.......# ##..... ##.........#
#....# .....#........# ##.####
#### #######..## #####..####
#...# #.........#


You could see Eustachio, a necrophage, a scorpion, an iron imp (summoned) and a
goblin.

Vanquished Creatures
  A gnoll bouda (D:4)
  4 gnolls (D:4)
  3 adders
  A worm (D:2)
  2 dart slugs
  2 orcs
  4 bats
  7 endoplasms
  3 giant cockroaches
  9 goblins
  7 hobgoblins
  3 jackals (D:1)
  7 kobolds
  A quokka (D:4)
  7 ball pythons
  5 frilled lizards
  2 rats (D:1)
68 creatures vanquished.

Vanquished Creatures (others)
  An endoplasm (D:3)
1 creature vanquished.

Grand Total: 69 creatures vanquished

Notes
Turn   | Place    | Note
-------+----------+-------------------------------------------
     0 | D:1      | Ast3rio the Minotaur Berserker began the quest for the Orb.
     0 | D:1      | Reached XP level 1. HP: 19/19 MP: 0/0
   183 | D:1      | Found a faded altar of an unknown god.
   197 | D:1      | Reached skill level 4 in Axes
   197 | D:1      | Reached XP level 2. HP: 27/27 MP: 1/1
  1213 | D:2      | Reached XP level 3. HP: 33/33 MP: 2/2
  1540 | D:2      | Reached ** piety under Trog
  2535 | D:3      | Reached XP level 4. HP: 41/41 MP: 3/3
  2539 | D:3      | Found a blossoming altar of Fedhas.
  2657 | D:4      | Reached skill level 5 in Axes
  2720 | D:4      | Found a staircase to the Ecumenical Temple.
  2748 | D:4      | Reached XP level 5. HP: 30/46 MP: 4/4
  2879 | Temple   | Entered the Ecumenical Temple
  3019 | D:4      | Noticed Eustachio
  3042 | D:4      | Slain by a scorpion

Illustrated notes

Levels and vault maps discovered:
D:1:      ebering_hopf_link, layout_loops_ring,
          shapermc_ecumenical_altar_totnotflames
D:2:      layout_loops_cross, patterned_corridor
D:3:      layout_loops_ring, marbit_many_paths
D:4:      layout_rooms, old_standard_altar, minmay_temple_entry_grid,
          uniq_eustachio
Temple:   sentei_temple_godly_chess

Skill      XL: |  1  2  3  4  5 |
---------------+----------------+-----
Axes           | 4 5 |  5.1
Fighting       | 4 |  4.8
Armour         | 3 4 |  4.0
Dodging        | |  2.8
Stealth        | |  0.6

Action                   |  1- 3 |  4- 6 || total
-------------------------+-------+-------++-------
Melee: Hand axe          |   112 |    21 ||   133
       Headbutt          |    13 |    10 ||    23
       Dagger            |       |    33 ||    33
       Punch             |       |     1 ||     1
Invok: Berserk           |       |     2 ||     2
Armor: Animal skin       |     6 |       ||     6
       Chain mail        |    41 |    39 ||    80
Dodge: Dodged            |    62 |    36 ||    98
